Phantoms vs Crunch
Created - April 22, 2024 at 19:05
Goals
|
| Phantoms |
1 |
2 |
0 |
3 |
| Crunch |
3 |
0 |
2 |
5 |
|
Shots
|
| Phantoms |
9 |
10 |
10 |
29 |
| Crunch |
8 |
5 |
21 |
34 |
|
1st period
1. Phantoms , Nick Sorensen 20 (Joe Snively 50, Erik Nystrom 30) at 1:16 (PP)
2. Crunch , Ty Dellandrea 9 (Anatoli Golyshev 21, Dalton Thrower 31) at 6:28
3. Crunch , Sean Walker 1 (Anatoli Golyshev 22, Ty Dellandrea 7) at 9:18
4. Crunch , Brandon Biro 14 (Adam Boqvist 14, Liam Foudy 15) at 14:39
Penalties :
Axel Holmstrom (Syr) for Roughing (Minor) at 0:09
2nd period
5. Phantoms , Oliver Wahlstrom 8 (Cristoval Nieves 38, Nick Sorensen 23) at 6:21
6. Phantoms , Victor Berglund 2 (Erik Nystrom 31, Joe Snively 51) at 13:41 (PP)
Penalties :
Dalton Thrower (Syr) for High sticking (Minor) at 0:09, Axel Holmstrom (Syr) for High sticking (Minor) at 6:28, Sean Walker (Syr) for Hooking (Minor) at 13:07, Robert Thomas (Syr) for Tripping (Minor) at 14:34
3rd period
7. Crunch , Brandon Hagel 42 (Robert Thomas 45, Scott Perunovich 9) at 2:36
8. Crunch , Maxime Comtois 27 (Gustav Lindstrom 11, Jeremy Bracco 43) at 8:01 (PP)
Penalties :
A.J. Greer (Leh) for Tripping (Minor) at 6:37, Mikko Lehtonen (Leh) for High sticking (Minor) at 8:30, Ty Smith (Leh) for Slashing (Minor) at 18:50
Goalie Stats
Anton Forsberg (Leh), 17 saves from 22 shots - (0.773), L, 35-27-2, 48:01 minutes
Zachary Fucale (Leh), 12 saves from 12 shots - (1.000), 11:59 minutes
Kaapo Kahkonen (Syr), 26 saves from 29 shots - (0.897), W, 21-18-3, 60:00 minutes
Players Stats for Phantoms
Player Name G A P +/- PIM S H SB GA TA FO MP PP MP PK MP
------------------------------------------------------------------------------------
A.J. Greer 0 0 0 -2 2 2 2 0 0 1 0/0 13:05 0:00 0:28
Anthony Angello 0 0 0 0 0 0 0 0 0 0 0/0 1:22 0:01 0:00
Benoit-Olivier Groulx 0 0 0 0 0 0 0 0 0 0 0/0 0:00 0:00 0:00
Brett Murray 0 0 0 0 0 0 0 0 0 0 0/0 5:00 0:00 0:00
Cooper Marody 0 0 0 0 0 0 0 0 0 0 0/0 0:00 0:00 0:00
Cristoval Nieves 0 1 1 -2 0 2 1 0 1 0 6/8 13:26 0:00 0:48
David Gustafsson 0 0 0 0 0 0 0 0 0 0 0/0 0:00 0:00 0:00
David Kampf 0 0 0 0 0 3 1 0 0 2 0/1 14:30 0:00 0:00
Erik Nystrom 0 2 2 -1 0 0 4 0 1 0 0/0 17:55 3:52 0:00
Fabian Zetterlund 0 0 0 0 0 0 0 0 0 0 0/0 0:00 0:00 0:00
Joe Snively 0 2 2 -1 0 1 0 0 1 0 9/14 18:43 3:52 0:48
Josiah Slavin 0 0 0 0 0 0 0 0 0 0 0/0 0:28 0:00 0:28
Laurent Dauphin 0 0 0 0 0 1 0 0 0 0 1/1 3:56 0:01 0:00
Lucas Wallmarkk 0 0 0 0 0 2 0 0 0 0 17/29 22:49 3:45 3:16
Matt Kiersted 0 0 0 -1 0 2 1 1 0 1 0/0 27:23 4:57 2:55
Mikko Lehtonen 0 0 0 -1 2 1 1 1 0 0 0/0 26:20 4:57 1:24
Morgan Klimchuk 0 0 0 0 0 1 2 1 1 1 2/8 26:29 3:45 3:16
Nick Sorensen 1 1 2 -1 0 4 1 0 2 1 0/0 17:55 3:52 0:00
Oliver Wahlstrom 1 0 1 -2 0 4 1 0 0 0 0/0 13:00 0:01 0:00
Rem Pitlick 0 0 0 0 0 3 3 1 2 0 1/2 19:33 3:45 0:00
Riley Stillman 0 0 0 -2 0 1 2 0 0 1 0/0 20:37 2:41 2:40
Ty Smith 0 0 0 0 2 0 0 1 0 0 0/0 13:01 0:00 0:28
Victor Berglund 1 0 1 -2 0 2 0 2 0 3 0/0 19:53 2:41 1:37
Players Stats for Crunch
Player Name G A P +/- PIM S H SB GA TA FO MP PP MP PK MP
------------------------------------------------------------------------------------
Adam Boqvist 0 1 1 1 0 0 0 1 0 0 0/0 12:57 0:00 0:51
Anatoli Golyshev 0 2 2 2 0 1 1 0 1 0 2/3 13:33 0:00 2:31
Axel Holmstrom 0 0 0 0 4 1 1 0 1 0 17/34 21:18 2:49 2:15
Brandon Biro 1 0 1 1 0 1 0 0 0 0 0/0 8:38 0:00 0:28
Brandon Hagel 1 0 1 0 0 1 4 2 0 1 0/1 23:00 2:49 4:08
Cam Hillis 0 0 0 1 0 0 0 0 0 0 0/3 7:38 0:00 0:00
Connor Bunnaman 0 0 0 0 0 2 1 0 1 0 4/12 15:48 1:43 1:30
Dalton Thrower 0 1 1 1 2 1 1 1 1 1 0/0 26:45 2:38 3:33
Gustav Lindstrom 0 1 1 1 0 4 0 0 0 0 0/0 20:23 1:54 3:14
Jeremy Bracco 0 1 1 0 0 5 1 0 1 0 1/2 14:18 1:43 0:00
Joe Veleno 0 0 0 2 0 0 1 0 0 2 3/5 12:56 0:00 1:22
Jordan Oesterle 0 0 0 1 0 2 3 0 1 3 0/0 27:40 2:38 4:45
Liam Foudy 0 1 1 1 0 0 0 0 0 0 0/0 7:38 0:00 0:00
Maxime Comtois 1 0 1 0 0 6 1 0 0 0 0/1 17:07 1:43 3:02
Robert Thomas 0 1 1 0 2 4 1 1 2 0 0/1 19:01 2:49 0:00
Scott Perunovich 0 1 1 1 0 0 1 4 1 0 0/0 12:52 0:00 0:37
Sean Walker 1 0 1 1 2 3 1 0 1 0 0/0 19:43 1:54 2:16
Ty Dellandrea 1 1 2 2 0 3 0 1 0 1 0/1 11:02 0:00 0:00
3 Stars
1 - Ty Dellandrea (Syr)
2 - Anatoli Golyshev (Syr)
3 - Brandon Hagel (Syr)
Power Play
Phantoms - 2 on 5 Attempt(s) - 40.00%
Crunch - 1 on 3 Attempt(s) - 33.33%
Penalty Kill
Phantoms - 2 on 3 Attempt(s) - 66.67%
- Score 0 goal in Penalty Kill
Crunch - 3 on 5 Attempt(s) - 60.00%
- Score 0 goal in Penalty Kill
Team Stat
Phantoms - Hits : 19 - Faceoff Wins : 36 - Blocked Shots : 7 - Penalty Minutes : 6
Crunch - Hits : 17 - Faceoff Wins : 27 - Blocked Shots : 10 - Penalty Minutes : 10
Official
Referees : Tim Peel and Brandon Schrader
Linesman : Jonny Murray and Kiel Murchison
Game Notes
Zachary Fucale enters game at 8:01 of 3rd period
Finance
Level 1 -- Attendance: 1778 (88.90%) -- Ticket Income $124,460
Level 2 -- Attendance: 871 (87.10%) -- Ticket Income $34,840
Total Attendance: 2649 (88.30%)
Total Ticket Income: $159,300
Other Income: $7,965
Total Income: $167,265
Phantoms
5 vs 5 Forward
Center Left Wing Right Wing Time % Phy DF OF
1 Lucas Wallmarkk Morgan Klimchuk Rem Pitlick 40 1 2 2
2 Joe Snively Erik Nystrom Nick Sorensen 30 1 2 2
3 Cristoval Nieves A.J. Greer Oliver Wahlstrom 20 1 2 2
4 David Kampf Brett Murray Morgan Klimchuk 10 1 2 2
5 vs 5 Defense
Defense Defense Time % Phy DF OF
1 Mikko Lehtonen Matt Kiersted 40 1 2 2
2 Riley Stillman Victor Berglund 30 1 2 2
3 Ty Smith David Kampf 20 1 2 2
4 Mikko Lehtonen Matt Kiersted 10 1 2 2
PowerPlay Forward
Center Left Wing Right Wing Time % Phy DF OF
1 Lucas Wallmarkk Morgan Klimchuk Rem Pitlick 60 1 2 2
2 Joe Snively Erik Nystrom Nick Sorensen 40 1 2 2
PowerPlay Defense
Defense Defense Time % Phy DF OF
1 Mikko Lehtonen Matt Kiersted 60 1 2 2
2 Riley Stillman Victor Berglund 40 1 2 2
Penalty Kill 4 Players Forward
Center Wing Time % Phy DF OF
1 Morgan Klimchuk Lucas Wallmarkk 60 1 2 2
2 Joe Snively Cristoval Nieves 40 1 2 2
Penalty Kill 4 Players Defense
Defense Defense Time % Phy DF OF
1 Mikko Lehtonen Matt Kiersted 60 1 2 2
2 Riley Stillman Victor Berglund 40 1 2 2
Penalty Kill - 3 Players Forward
Forward Time % Phy DF OF
1 Morgan Klimchuk 60 1 2 2
2 Lucas Wallmarkk 40 1 2 2
Penalty Kill - 3 Players Defense
Defense Defense Time % Phy DF OF
1 Mikko Lehtonen Matt Kiersted 60 1 2 2
2 Riley Stillman Victor Berglund 40 1 2 2
4 vs 4 Forward
Center Wing Time % Phy DF OF
1 Morgan Klimchuk Lucas Wallmarkk 60 1 2 2
2 Joe Snively Cristoval Nieves 40 1 2 2
4 vs 4 Defense
Defense Defense Time % Phy DF OF
1 Mikko Lehtonen Matt Kiersted 60 1 2 2
2 Riley Stillman Victor Berglund 40 1 2 2
Last Minutes Offensive
Center Left Wing Right Wing Defense Defense
Lucas Wallmarkk Morgan Klimchuk Rem Pitlick Mikko Lehtonen Matt Kiersted
Last Minutes Defensive
Center Left Wing Right Wing Defense Defense
Lucas Wallmarkk Morgan Klimchuk Rem Pitlick Mikko Lehtonen Matt Kiersted
Goaltenders
Starting : Anton Forsberg
Backup : Zachary Fucale
Extra Forwards
Normal : Laurent Dauphin, Anthony Angello, Josiah Slavin - PP : Laurent Dauphin, Anthony Angello - PK : Josiah Slavin
Extra Defensemen
Normal : Ty Smith, Riley Stillman, Victor Berglund - PP : Ty Smith - PK : Riley Stillman, Victor Berglund
Penalty Shots
Morgan Klimchuk, Lucas Wallmarkk, Joe Snively, Cristoval Nieves, David Kampf
Custom OT Lines Forwards
Morgan Klimchuk, Lucas Wallmarkk, Joe Snively, Cristoval Nieves, David Kampf, Rem Pitlick, Erik Nystrom, Nick Sorensen, Laurent Dauphin, Anthony Angello
Custom OT Lines Defensemen
Mikko Lehtonen, Matt Kiersted, Riley Stillman, Victor Berglund, Ty Smith
Scratches
Rinat Valiev (Healthy), Sven Andrighetto (Healthy), Jacob Ingham (Healthy), Zachary Sawchenko (Healthy), Kevin Lankinen (Healthy)
Crunch
5 vs 5 Forward
Center Left Wing Right Wing Time % Phy DF OF
1 Axel Holmstrom Brandon Hagel Robert Thomas 40 1 2 2
2 Connor Bunnaman Maxime Comtois Jeremy Bracco 30 1 2 2
3 Joe Veleno Anatoli Golyshev Ty Dellandrea 20 1 2 2
4 Cam Hillis Brandon Biro Liam Foudy 10 1 2 2
5 vs 5 Defense
Defense Defense Time % Phy DF OF
1 Dalton Thrower Jordan Oesterle 40 1 2 2
2 Sean Walker Gustav Lindstrom 30 1 2 2
3 Adam Boqvist Scott Perunovich 20 1 2 2
4 Dalton Thrower Jordan Oesterle 10 1 2 2
PowerPlay Forward
Center Left Wing Right Wing Time % Phy DF OF
1 Axel Holmstrom Brandon Hagel Robert Thomas 60 1 2 2
2 Connor Bunnaman Maxime Comtois Jeremy Bracco 40 1 2 2
PowerPlay Defense
Defense Defense Time % Phy DF OF
1 Dalton Thrower Jordan Oesterle 60 1 2 2
2 Sean Walker Gustav Lindstrom 40 1 2 2
Penalty Kill 4 Players Forward
Center Wing Time % Phy DF OF
1 Axel Holmstrom Brandon Hagel 60 1 2 2
2 Connor Bunnaman Maxime Comtois 40 1 2 2
Penalty Kill 4 Players Defense
Defense Defense Time % Phy DF OF
1 Dalton Thrower Jordan Oesterle 60 1 2 2
2 Sean Walker Gustav Lindstrom 40 1 2 2
Penalty Kill - 3 Players Forward
Forward Time % Phy DF OF
1 Axel Holmstrom 60 1 2 2
2 Connor Bunnaman 40 1 2 2
Penalty Kill - 3 Players Defense
Defense Defense Time % Phy DF OF
1 Dalton Thrower Jordan Oesterle 60 1 2 2
2 Sean Walker Gustav Lindstrom 40 1 2 2
4 vs 4 Forward
Center Wing Time % Phy DF OF
1 Axel Holmstrom Brandon Hagel 60 1 2 2
2 Connor Bunnaman Robert Thomas 40 1 2 2
4 vs 4 Defense
Defense Defense Time % Phy DF OF
1 Dalton Thrower Jordan Oesterle 60 1 2 2
2 Sean Walker Gustav Lindstrom 40 1 2 2
Last Minutes Offensive
Center Left Wing Right Wing Defense Defense
Axel Holmstrom Brandon Hagel Jeremy Bracco Dalton Thrower Jordan Oesterle
Last Minutes Defensive
Center Left Wing Right Wing Defense Defense
Axel Holmstrom Brandon Hagel Jeremy Bracco Dalton Thrower Jordan Oesterle
Goaltenders
Starting : Kaapo Kahkonen
Backup : Josef Korenar
Extra Forwards
Normal : Anatoli Golyshev, Axel Holmstrom, Connor Bunnaman - PP : Anatoli Golyshev, Axel Holmstrom - PK : Anatoli Golyshev
Extra Defensemen
Normal : Gustav Lindstrom, Adam Boqvist, Scott Perunovich - PP : Gustav Lindstrom - PK : Gustav Lindstrom, Adam Boqvist
Penalty Shots
Brandon Hagel, Jeremy Bracco, Robert Thomas, Maxime Comtois, Anatoli Golyshev
Custom OT Lines Forwards
Brandon Hagel, Jeremy Bracco, Robert Thomas, Maxime Comtois, Anatoli Golyshev, Axel Holmstrom, Connor Bunnaman, Ty Dellandrea, Brandon Biro, Liam Foudy
Custom OT Lines Defensemen
Dalton Thrower, Jordan Oesterle, Sean Walker, Gustav Lindstrom, Adam Boqvist
Scratches
Blake Lizotte (Healthy), Michael Downing (Healthy), Tom Kuhnhackl (Healthy), Liam O'Brien (Healthy), Ryan Lindgren (Bruised Right Leg Injury)
Blake Hillman (Healthy), Beck Malenstyn (Healthy), Lukas Dostal (Healthy), Louis Domingue (Healthy)
% Time on Ice - Phantoms
Lines # - Real PCT - Wanted PCT - Time Play
Normal Forward
1 - 34% - 40% - 16:09
2 - 29% - 30% - 14:03
3 - 26% - 20% - 12:38
4 - 10% - 10% - 5:00
Normal Defense
1 - 39% - 40% - 18:43
2 - 32% - 30% - 15:16
3 - 26% - 20% - 12:15
4 - 3% - 10% - 1:36
PP Forward
1 - 49% - 60% - 3:46
2 - 51% - 40% - 3:52
PP Defense
1 - 65% - 60% - 4:57
2 - 35% - 40% - 2:41
PK Forward
1 - 82% - 60% - 3:44
2 - 18% - 40% - 0:48
PK Defense
1 - 75% - 60% - 3:23
2 - 25% - 40% - 1:09
PK3 Forward
1 - 0% - 60%
2 - 0% - 40%
PK3 Defense
1 - 0% - 60%
2 - 0% - 40%
44 Forward
1 - 0% - 60%
2 - 0% - 40%
44 Defense
1 - 0% - 60%
2 - 0% - 40%
Last Minute Offensive - 0:00
Last Minute Defensive - 0:00
Total
Forward - 60:00
Defense - 60:00
|
% Time on Ice - Crunch
Lines # - Real PCT - Wanted PCT - Time Play
Normal Forward
1 - 35% - 40% - 16:35
2 - 26% - 30% - 12:35
3 - 23% - 20% - 11:02
4 - 16% - 10% - 7:38
Normal Defense
1 - 40% - 40% - 18:59
2 - 34% - 30% - 16:07
3 - 24% - 20% - 11:26
4 - 3% - 10% - 1:18
PP Forward
1 - 62% - 60% - 2:49
2 - 38% - 40% - 1:43
PP Defense
1 - 58% - 60% - 2:38
2 - 42% - 40% - 1:54
PK Forward
1 - 80% - 60% - 6:08
2 - 20% - 40% - 1:30
PK Defense
1 - 70% - 60% - 5:22
2 - 30% - 40% - 2:16
PK3 Forward
1 - 0% - 60%
2 - 0% - 40%
PK3 Defense
1 - 0% - 60%
2 - 0% - 40%
44 Forward
1 - 0% - 60%
2 - 0% - 40%
44 Defense
1 - 0% - 60%
2 - 0% - 40%
Last Minute Offensive - 0:00
Last Minute Defensive - 0:00
Total
Forward - 60:00
Defense - 60:00
|
Play-by-Play
1st period
0:01 of 1st period - Lucas Wallmarkk wins face-off versus Axel Holmstrom in neutral zone.
0:09 of 1st period - Minor Penalty to Axel Holmstrom for Roughing.
0:10 of 1st period - Anatoli Golyshev wins face-off versus Lucas Wallmarkk in Crunch zone.
0:41 of 1st period - Jordan Oesterle is hit by Mikko Lehtonen and loses puck.
1:16 of 1st period - Snap shot by Joe Snively.
1:16 of 1st period - Deflect By Nick Sorensen.
1:16 of 1st period - Goal by Nick Sorensen - Phantoms : 1 - Crunch : 0.
1:17 of 1st period - Connor Bunnaman wins face-off versus Lucas Wallmarkk in neutral zone.
1:27 of 1st period - Connor Bunnaman is hit by Riley Stillman and loses puck.
2:04 of 1st period - Brandon Hagel is hit by Riley Stillman and loses puck.
2:13 of 1st period - Joe Snively is hit by Jordan Oesterle and loses puck.
2:32 of 1st period - Wrist shot by Cristoval Nieves.
2:32 of 1st period - Shot Blocked by Scott Perunovich.
2:34 of 1st period - Backhand shot by Riley Stillman.
2:34 of 1st period - Stopped by Kaapo Kahkonen without a rebound.
2:35 of 1st period - Connor Bunnaman wins face-off versus Cristoval Nieves in Crunch zone.
3:10 of 1st period - Snap shot by Joe Snively.
3:10 of 1st period - Deflect By Nick Sorensen.
3:10 of 1st period - Stopped by Kaapo Kahkonen with a rebound.
3:26 of 1st period - Backhand shot by Anatoli Golyshev.
3:26 of 1st period - Shot Blocked by Rem Pitlick.
3:39 of 1st period - Icing by Morgan Klimchuk.
3:40 of 1st period - Cristoval Nieves wins face-off versus Cam Hillis in Phantoms zone.
4:05 of 1st period - David Kampf is hit by Scott Perunovich and loses puck.
5:37 of 1st period - Lucas Wallmarkk is hit by Maxime Comtois and loses puck.
5:44 of 1st period - Maxime Comtois is hit by Matt Kiersted and loses puck.
5:55 of 1st period - Slapshot by A.J. Greer.
5:55 of 1st period - Shot Misses the Net.
5:57 of 1st period - Slapshot by David Kampf.
5:57 of 1st period - Stopped by Kaapo Kahkonen with a rebound.
5:59 of 1st period - Slapshot by David Kampf.
5:59 of 1st period - Deflect By Cristoval Nieves.
5:59 of 1st period - Shot Blocked by Scott Perunovich.
5:59 of 1st period - Puck is out of play.
6:00 of 1st period - Cristoval Nieves wins face-off versus Joe Veleno in Crunch zone.
6:01 of 1st period - Wrist shot by Oliver Wahlstrom.
6:01 of 1st period - Stopped by Kaapo Kahkonen with a rebound.
6:11 of 1st period - Victor Berglund is hit by Anatoli Golyshev and loses puck.
6:22 of 1st period - Wrist shot by Anatoli Golyshev.
6:22 of 1st period - Shot Blocked by Victor Berglund.
6:28 of 1st period - Backhand shot by Ty Dellandrea.
6:28 of 1st period - Goal by Ty Dellandrea - Phantoms : 1 - Crunch : 1.
6:29 of 1st period - Lucas Wallmarkk wins face-off versus Axel Holmstrom in neutral zone.
6:54 of 1st period - Connor Bunnaman is hit by Erik Nystrom.
8:22 of 1st period - Snap shot by Jeremy Bracco.
8:22 of 1st period - Stopped by Anton Forsberg without a rebound.
8:23 of 1st period - Joe Snively wins face-off versus Connor Bunnaman in Phantoms zone.
8:36 of 1st period - Slapshot by Nick Sorensen.
8:36 of 1st period - Shot Misses the Net.
8:50 of 1st period - Morgan Klimchuk is hit by Robert Thomas and loses puck.
8:59 of 1st period - Scott Perunovich is hit by Morgan Klimchuk and loses puck.
9:16 of 1st period - Snap shot by Anatoli Golyshev.
9:16 of 1st period - Shot Misses the Net.
9:18 of 1st period - Slapshot by Sean Walker.
9:18 of 1st period - Goal by Sean Walker - Phantoms : 1 - Crunch : 2.
9:19 of 1st period - Axel Holmstrom wins face-off versus Lucas Wallmarkk in neutral zone.
9:21 of 1st period - Off-side.
9:22 of 1st period - Axel Holmstrom wins face-off versus Lucas Wallmarkk in neutral zone.
10:08 of 1st period - Wrist shot by Maxime Comtois.
10:08 of 1st period - Shot Misses the Net.
10:10 of 1st period - Slapshot by Jordan Oesterle.
10:10 of 1st period - Shot Blocked by Ty Smith.
10:20 of 1st period - Snap shot by Anatoli Golyshev.
10:20 of 1st period - Shot Misses the Net.
10:50 of 1st period - Erik Nystrom is hit by Sean Walker and loses puck.
12:49 of 1st period - Slapshot by Jordan Oesterle.
12:49 of 1st period - Stopped by Anton Forsberg with a rebound.
13:34 of 1st period - Lucas Wallmarkk is hit by Connor Bunnaman and loses puck.
13:45 of 1st period - Snap shot by Jeremy Bracco.
13:45 of 1st period - Stopped by Anton Forsberg with a rebound.
13:55 of 1st period - Snap shot by Joe Snively.
13:55 of 1st period - Shot Misses the Net.
13:57 of 1st period - Wrist shot by Nick Sorensen.
13:57 of 1st period - Deflect By Erik Nystrom.
13:57 of 1st period - Shot Misses the Net.
13:57 of 1st period - Puck is out of play.
13:58 of 1st period - Joe Snively wins face-off versus Cam Hillis in Crunch zone.
13:59 of 1st period - Wrist shot by Nick Sorensen.
13:59 of 1st period - Stopped by Kaapo Kahkonen with a rebound.
14:21 of 1st period - Snap shot by Liam Foudy.
14:21 of 1st period - Shot Misses the Net.
14:37 of 1st period - Snap shot by Liam Foudy.
14:37 of 1st period - Shot Misses the Net.
14:39 of 1st period - Slapshot by Adam Boqvist.
14:39 of 1st period - Deflect By Brandon Biro.
14:39 of 1st period - Goal by Brandon Biro - Phantoms : 1 - Crunch : 3.
14:40 of 1st period - Lucas Wallmarkk wins face-off versus Axel Holmstrom in neutral zone.
16:03 of 1st period - Snap shot by Laurent Dauphin.
16:03 of 1st period - Stopped by Kaapo Kahkonen with a rebound.
16:17 of 1st period - Brandon Hagel is hit by Morgan Klimchuk and loses puck.
16:34 of 1st period - Slapshot by David Kampf.
16:34 of 1st period - Stopped by Kaapo Kahkonen with a rebound.
16:38 of 1st period - Snap shot by Morgan Klimchuk.
16:38 of 1st period - Shot Blocked by Adam Boqvist.
16:46 of 1st period - Brett Murray is hit by Brandon Hagel.
16:56 of 1st period - Wrist shot by Axel Holmstrom.
16:56 of 1st period - Shot Misses the Net.
17:08 of 1st period - Wrist shot by Axel Holmstrom.
17:08 of 1st period - Shot Misses the Net.
17:23 of 1st period - Icing by Brett Murray.
17:24 of 1st period - Laurent Dauphin wins face-off versus Connor Bunnaman in Phantoms zone.
17:37 of 1st period - Snap shot by Jeremy Bracco.
17:37 of 1st period - Stopped by Anton Forsberg with a rebound.
17:56 of 1st period - Anatoli Golyshev is hit by Erik Nystrom and loses puck.
18:35 of 1st period - Snap shot by Maxime Comtois.
18:35 of 1st period - Stopped by Anton Forsberg without a rebound.
18:36 of 1st period - Connor Bunnaman wins face-off versus Joe Snively in Phantoms zone.
19:03 of 1st period - Anatoli Golyshev is hit by Oliver Wahlstrom and loses puck.
19:19 of 1st period - Off-side.
19:20 of 1st period - Lucas Wallmarkk wins face-off versus Maxime Comtois in neutral zone.
19:45 of 1st period - Dalton Thrower is hit by A.J. Greer.
19:53 of 1st period - Snap shot by A.J. Greer.
19:53 of 1st period - Shot Misses the Net.
19:55 of 1st period - Backhand shot by Oliver Wahlstrom.
19:55 of 1st period - Stopped by Kaapo Kahkonen with a rebound.
Goals for this period are 1 for Phantoms vs 3 for Crunch.
Shots for this period are 9 for Phantoms vs 8 for Crunch.
2nd period
0:01 of 2nd period - Lucas Wallmarkk wins face-off versus Axel Holmstrom in neutral zone.
0:09 of 2nd period - Minor Penalty to Dalton Thrower for High sticking.
0:10 of 2nd period - Lucas Wallmarkk wins face-off versus Axel Holmstrom in Crunch zone.
0:36 of 2nd period - Axel Holmstrom is hit by Erik Nystrom and loses puck.
2:09 of 2nd period - Penalty to Dalton Thrower is over, Dalton Thrower is back on ice.
3:20 of 2nd period - Ty Dellandrea is hit by Rem Pitlick.
4:02 of 2nd period - Brandon Biro is hit by Rem Pitlick and loses puck.
4:09 of 2nd period - Lucas Wallmarkk is hit by Jordan Oesterle and loses puck.
4:43 of 2nd period - Anatoli Golyshev is hit by A.J. Greer and loses puck.
5:11 of 2nd period - Icing by Maxime Comtois.
5:12 of 2nd period - Lucas Wallmarkk wins face-off versus Connor Bunnaman in Crunch zone.
5:13 of 2nd period - Wrist shot by Rem Pitlick.
5:13 of 2nd period - Deflect By Morgan Klimchuk.
5:13 of 2nd period - Shot Blocked by Dalton Thrower.
5:13 of 2nd period - Puck is out of play.
5:14 of 2nd period - Axel Holmstrom wins face-off versus Lucas Wallmarkk in Crunch zone.
6:21 of 2nd period - Slapshot by Oliver Wahlstrom.
6:21 of 2nd period - Goal by Oliver Wahlstrom - Phantoms : 2 - Crunch : 3.
6:22 of 2nd period - Joe Snively wins face-off versus Axel Holmstrom in neutral zone.
6:28 of 2nd period - Minor Penalty to Axel Holmstrom for High sticking.
6:29 of 2nd period - Anatoli Golyshev wins face-off versus Lucas Wallmarkk in Crunch zone.
6:39 of 2nd period - Snap shot by Anatoli Golyshev.
6:39 of 2nd period - Stopped by Anton Forsberg with a rebound.
7:03 of 2nd period - Backhand shot by Morgan Klimchuk.
7:03 of 2nd period - Shot Blocked by Brandon Hagel.
7:05 of 2nd period - Slapshot by Matt Kiersted.
7:05 of 2nd period - Stopped by Kaapo Kahkonen without a rebound.
7:06 of 2nd period - Joe Snively wins face-off versus Anatoli Golyshev in Crunch zone.
8:28 of 2nd period - Penalty to Axel Holmstrom is over, Axel Holmstrom is back on ice.
9:33 of 2nd period - Mikko Lehtonen is hit by Jordan Oesterle and loses puck.
9:50 of 2nd period - Brandon Hagel is hit by Erik Nystrom and loses puck.
10:00 of 2nd period - Icing by Robert Thomas.
10:01 of 2nd period - Connor Bunnaman wins face-off versus Cristoval Nieves in Crunch zone.
10:10 of 2nd period - Slapshot by Jeremy Bracco.
10:10 of 2nd period - Stopped by Anton Forsberg with a rebound.
10:12 of 2nd period - Wrist shot by Maxime Comtois.
10:12 of 2nd period - Stopped by Anton Forsberg without a rebound.
10:13 of 2nd period - Axel Holmstrom wins face-off versus Lucas Wallmarkk in Phantoms zone.
10:18 of 2nd period - Snap shot by Robert Thomas.
10:18 of 2nd period - Stopped by Anton Forsberg with a rebound.
10:29 of 2nd period - Snap shot by Lucas Wallmarkk.
10:29 of 2nd period - Shot Misses the Net.
10:48 of 2nd period - Wrist shot by Erik Nystrom.
10:48 of 2nd period - Deflect By Joe Snively.
10:48 of 2nd period - Stopped by Kaapo Kahkonen without a rebound.
10:49 of 2nd period - Lucas Wallmarkk wins face-off versus Axel Holmstrom in Crunch zone.
10:54 of 2nd period - Snap shot by Rem Pitlick.
10:54 of 2nd period - Shot Blocked by Robert Thomas.
12:49 of 2nd period - Ty Dellandrea is hit by Cristoval Nieves and loses puck.
13:07 of 2nd period - Minor Penalty to Sean Walker for Hooking.
13:08 of 2nd period - Lucas Wallmarkk wins face-off versus Axel Holmstrom in Crunch zone.
13:11 of 2nd period - Wrist shot by Lucas Wallmarkk.
13:11 of 2nd period - Shot Misses the Net.
13:21 of 2nd period - Wrist shot by Rem Pitlick.
13:21 of 2nd period - Shot Blocked by Brandon Hagel.
13:37 of 2nd period - Wrist shot by Erik Nystrom.
13:37 of 2nd period - Shot Misses the Net.
13:39 of 2nd period - Slapshot by Victor Berglund.
13:39 of 2nd period - Deflect By Jordan Oesterle.
13:39 of 2nd period - Stopped by Kaapo Kahkonen with a rebound.
13:41 of 2nd period - Slapshot by Victor Berglund.
13:41 of 2nd period - Goal by Victor Berglund - Phantoms : 3 - Crunch : 3.
13:42 of 2nd period - Lucas Wallmarkk wins face-off versus Axel Holmstrom in neutral zone.
13:55 of 2nd period - Slapshot by Dalton Thrower.
13:55 of 2nd period - Shot Misses the Net.
13:57 of 2nd period - Snap shot by Robert Thomas.
13:57 of 2nd period - Shot Blocked by Matt Kiersted.
14:07 of 2nd period - Backhand shot by Anatoli Golyshev.
14:07 of 2nd period - Shot Blocked by Mikko Lehtonen.
14:27 of 2nd period - Backhand shot by Rem Pitlick.
14:27 of 2nd period - Stopped by Kaapo Kahkonen with a rebound.
14:29 of 2nd period - Snap shot by Lucas Wallmarkk.
14:29 of 2nd period - Shot Misses the Net.
14:31 of 2nd period - Wrist shot by Lucas Wallmarkk.
14:31 of 2nd period - Stopped by Kaapo Kahkonen without a rebound.
14:32 of 2nd period - Axel Holmstrom wins face-off versus Joe Snively in Crunch zone.
14:34 of 2nd period - Minor Penalty to Robert Thomas for Tripping.
14:35 of 2nd period - Joe Snively wins face-off versus Brandon Hagel in Crunch zone.
16:34 of 2nd period - Penalty to Robert Thomas is over, Robert Thomas is back on ice.
16:34 of 2nd period - Riley Stillman is hit by Joe Veleno and loses puck.
17:03 of 2nd period - Adam Boqvist is hit by David Kampf and loses puck.
17:18 of 2nd period - Snap shot by David Kampf.
17:18 of 2nd period - Shot Misses the Net.
17:20 of 2nd period - Snap shot by David Kampf.
17:20 of 2nd period - Stopped by Kaapo Kahkonen with a rebound.
17:22 of 2nd period - Backhand shot by Oliver Wahlstrom.
17:22 of 2nd period - Shot Misses the Net.
17:32 of 2nd period - Riley Stillman is hit by Brandon Hagel and loses puck.
18:13 of 2nd period - Icing by Sean Walker.
18:14 of 2nd period - Joe Veleno wins face-off versus David Kampf in Crunch zone.
18:48 of 2nd period - Snap shot by Cristoval Nieves.
18:48 of 2nd period - Shot Blocked by Scott Perunovich.
18:50 of 2nd period - Wrist shot by Oliver Wahlstrom.
18:50 of 2nd period - Stopped by Kaapo Kahkonen without a rebound.
18:51 of 2nd period - Joe Veleno wins face-off versus Joe Snively in Crunch zone.
19:21 of 2nd period - Wrist shot by Gustav Lindstrom.
19:21 of 2nd period - Deflect By Ty Dellandrea.
19:21 of 2nd period - Stopped by Anton Forsberg with a rebound.
19:27 of 2nd period - Backhand shot by Mikko Lehtonen.
19:27 of 2nd period - Stopped by Kaapo Kahkonen with a rebound.
19:39 of 2nd period - Morgan Klimchuk is hit by Brandon Hagel and loses puck.
Goals for this period are 2 for Phantoms vs 0 for Crunch.
Shots for this period are 10 for Phantoms vs 5 for Crunch.
3rd period
0:01 of 3rd period - Lucas Wallmarkk wins face-off versus Axel Holmstrom in neutral zone.
0:04 of 3rd period - Snap shot by Rem Pitlick.
0:04 of 3rd period - Stopped by Kaapo Kahkonen without a rebound.
0:05 of 3rd period - Lucas Wallmarkk wins face-off versus Robert Thomas in Crunch zone.
0:12 of 3rd period - Slapshot by Lucas Wallmarkk.
0:12 of 3rd period - Shot Misses the Net.
0:14 of 3rd period - Slapshot by Matt Kiersted.
0:14 of 3rd period - Stopped by Kaapo Kahkonen without a rebound.
0:15 of 3rd period - Lucas Wallmarkk wins face-off versus Axel Holmstrom in Crunch zone.
0:30 of 3rd period - Slapshot by Jordan Oesterle.
0:30 of 3rd period - Deflect By Rem Pitlick.
0:30 of 3rd period - Stopped by Anton Forsberg with a rebound.
0:51 of 3rd period - Joe Snively is hit by Jeremy Bracco.
1:50 of 3rd period - Slapshot by Liam Foudy.
1:50 of 3rd period - Shot Misses the Net.
2:30 of 3rd period - Slapshot by Adam Boqvist.
2:30 of 3rd period - Shot Misses the Net.
2:36 of 3rd period - Slapshot by Brandon Hagel.
2:36 of 3rd period - Goal by Brandon Hagel - Phantoms : 3 - Crunch : 4.
2:37 of 3rd period - Axel Holmstrom wins face-off versus Rem Pitlick in neutral zone.
2:48 of 3rd period - Snap shot by Robert Thomas.
2:48 of 3rd period - Stopped by Anton Forsberg without a rebound.
2:49 of 3rd period - Lucas Wallmarkk wins face-off versus Axel Holmstrom in Phantoms zone.
3:41 of 3rd period - Off-side.
3:42 of 3rd period - Cristoval Nieves wins face-off versus Ty Dellandrea in neutral zone.
3:45 of 3rd period - Snap shot by A.J. Greer.
3:45 of 3rd period - Shot Blocked by Ty Dellandrea.
3:47 of 3rd period - Slapshot by Victor Berglund.
3:47 of 3rd period - Deflect By Cristoval Nieves.
3:47 of 3rd period - Stopped by Kaapo Kahkonen without a rebound.
3:48 of 3rd period - Axel Holmstrom wins face-off versus Lucas Wallmarkk in Crunch zone.
3:53 of 3rd period - Snap shot by Brandon Hagel.
3:53 of 3rd period - Shot Blocked by Victor Berglund.
4:13 of 3rd period - Jeremy Bracco is hit by Nick Sorensen and loses puck.
5:01 of 3rd period - Robert Thomas is hit by Rem Pitlick and loses puck.
5:14 of 3rd period - Wrist shot by Joe Snively.
5:14 of 3rd period - Shot Blocked by Scott Perunovich.
5:37 of 3rd period - Wrist shot by Maxime Comtois.
5:37 of 3rd period - Stopped by Anton Forsberg without a rebound.
5:38 of 3rd period - Lucas Wallmarkk wins face-off versus Axel Holmstrom in Phantoms zone.
5:38 of 3rd period - Lucas Wallmarkk is hit by Axel Holmstrom.
6:37 of 3rd period - Minor Penalty to A.J. Greer for Tripping.
6:38 of 3rd period - Axel Holmstrom wins face-off versus Morgan Klimchuk in Phantoms zone.
6:52 of 3rd period - Morgan Klimchuk is hit by Brandon Hagel.
7:08 of 3rd period - Slapshot by Gustav Lindstrom.
7:08 of 3rd period - Stopped by Anton Forsberg without a rebound.
7:09 of 3rd period - Axel Holmstrom wins face-off versus Morgan Klimchuk in Phantoms zone.
7:14 of 3rd period - Backhand shot by Robert Thomas.
7:14 of 3rd period - Stopped by Anton Forsberg without a rebound.
7:15 of 3rd period - Axel Holmstrom wins face-off versus Lucas Wallmarkk in Phantoms zone.
7:16 of 3rd period - Wrist shot by Robert Thomas.
7:16 of 3rd period - Shot Misses the Net.
7:18 of 3rd period - Slapshot by Axel Holmstrom.
7:18 of 3rd period - Shot Hit the Post.
7:40 of 3rd period - Snap shot by Robert Thomas.
7:40 of 3rd period - Shot Hit the Post.
7:42 of 3rd period - Snap shot by Robert Thomas.
7:42 of 3rd period - Shot Misses the Net.
7:44 of 3rd period - Slapshot by Axel Holmstrom.
7:44 of 3rd period - Stopped by Anton Forsberg without a rebound.
7:45 of 3rd period - Morgan Klimchuk wins face-off versus Jeremy Bracco in Phantoms zone.
7:59 of 3rd period - Wrist shot by Maxime Comtois.
7:59 of 3rd period - Stopped by Anton Forsberg with a rebound.
8:01 of 3rd period - Wrist shot by Maxime Comtois.
8:01 of 3rd period - Goal by Maxime Comtois - Phantoms : 3 - Crunch : 5.
8:01 of 3rd period - Zachary Fucale enters game.
8:02 of 3rd period - Lucas Wallmarkk wins face-off versus Axel Holmstrom in neutral zone.
8:30 of 3rd period - Minor Penalty to Mikko Lehtonen for High sticking.
8:31 of 3rd period - Axel Holmstrom wins face-off versus Morgan Klimchuk in Phantoms zone.
8:32 of 3rd period - Snap shot by Robert Thomas.
8:32 of 3rd period - Stopped by Zachary Fucale with a rebound.
8:34 of 3rd period - Snap shot by Axel Holmstrom.
8:34 of 3rd period - Shot Blocked by Morgan Klimchuk.
8:42 of 3rd period - Snap shot by Robert Thomas.
8:42 of 3rd period - Shot Misses the Net.
8:44 of 3rd period - Snap shot by Jordan Oesterle.
8:44 of 3rd period - Shot Misses the Net.
8:46 of 3rd period - Slapshot by Dalton Thrower.
8:46 of 3rd period - Stopped by Zachary Fucale without a rebound.
8:47 of 3rd period - Axel Holmstrom wins face-off versus Morgan Klimchuk in Phantoms zone.
10:24 of 3rd period - Josiah Slavin is hit by Dalton Thrower and loses puck.
10:30 of 3rd period - Penalty to Mikko Lehtonen is over, Mikko Lehtonen is back on ice.
11:17 of 3rd period - Slapshot by Gustav Lindstrom.
11:17 of 3rd period - Stopped by Zachary Fucale without a rebound.
11:18 of 3rd period - Joe Snively wins face-off versus Joe Veleno in Phantoms zone.
11:25 of 3rd period - Snap shot by Anatoli Golyshev.
11:25 of 3rd period - Deflect By Ty Dellandrea.
11:25 of 3rd period - Stopped by Zachary Fucale without a rebound.
11:26 of 3rd period - Morgan Klimchuk wins face-off versus Axel Holmstrom in Phantoms zone.
12:56 of 3rd period - Slapshot by Robert Thomas.
12:56 of 3rd period - Shot Misses the Net.
12:58 of 3rd period - Slapshot by Gustav Lindstrom.
12:58 of 3rd period - Stopped by Zachary Fucale without a rebound.
12:59 of 3rd period - Axel Holmstrom wins face-off versus Lucas Wallmarkk in Phantoms zone.
13:00 of 3rd period - Wrist shot by Robert Thomas.
13:00 of 3rd period - Deflect By Axel Holmstrom.
13:00 of 3rd period - Shot Misses the Net.
13:00 of 3rd period - Puck is out of play.
13:01 of 3rd period - Axel Holmstrom wins face-off versus Lucas Wallmarkk in Phantoms zone.
13:02 of 3rd period - Snap shot by Robert Thomas.
13:02 of 3rd period - Shot Misses the Net.
13:08 of 3rd period - Slapshot by Lucas Wallmarkk.
13:08 of 3rd period - Deflect By Jordan Oesterle.
13:08 of 3rd period - Stopped by Kaapo Kahkonen without a rebound.
13:09 of 3rd period - Lucas Wallmarkk wins face-off versus Axel Holmstrom in Crunch zone.
13:44 of 3rd period - Snap shot by Rem Pitlick.
13:44 of 3rd period - Shot Misses the Net.
13:46 of 3rd period - Snap shot by Morgan Klimchuk.
13:46 of 3rd period - Stopped by Kaapo Kahkonen without a rebound.
13:47 of 3rd period - Joe Snively wins face-off versus Connor Bunnaman in Crunch zone.
13:56 of 3rd period - Snap shot by Jeremy Bracco.
13:56 of 3rd period - Stopped by Zachary Fucale without a rebound.
13:57 of 3rd period - Jeremy Bracco wins face-off versus Joe Snively in Phantoms zone.
14:16 of 3rd period - Slapshot by Connor Bunnaman.
14:16 of 3rd period - Stopped by Zachary Fucale without a rebound.
14:17 of 3rd period - Axel Holmstrom wins face-off versus Lucas Wallmarkk in Phantoms zone.
14:46 of 3rd period - Wrist shot by Cristoval Nieves.
14:46 of 3rd period - Stopped by Kaapo Kahkonen without a rebound.
14:47 of 3rd period - Cristoval Nieves wins face-off versus Connor Bunnaman in Crunch zone.
14:48 of 3rd period - Snap shot by A.J. Greer.
14:48 of 3rd period - Shot Misses the Net.
14:54 of 3rd period - Snap shot by Connor Bunnaman.
14:54 of 3rd period - Shot Misses the Net.
15:22 of 3rd period - Snap shot by Cristoval Nieves.
15:22 of 3rd period - Shot Misses the Net.
16:22 of 3rd period - Slapshot by Connor Bunnaman.
16:22 of 3rd period - Stopped by Zachary Fucale with a rebound.
16:26 of 3rd period - Slapshot by Maxime Comtois.
16:26 of 3rd period - Shot Misses the Net.
16:28 of 3rd period - Snap shot by Sean Walker.
16:28 of 3rd period - Shot Misses the Net.
16:38 of 3rd period - Snap shot by Nick Sorensen.
16:38 of 3rd period - Stopped by Kaapo Kahkonen without a rebound.
16:39 of 3rd period - Rem Pitlick wins face-off versus Cam Hillis in Crunch zone.
17:09 of 3rd period - Snap shot by Rem Pitlick.
17:09 of 3rd period - Stopped by Kaapo Kahkonen with a rebound.
17:50 of 3rd period - Icing by Sean Walker.
17:51 of 3rd period - Joe Snively wins face-off versus Axel Holmstrom in Crunch zone.
18:25 of 3rd period - Slapshot by Sean Walker.
18:25 of 3rd period - Stopped by Zachary Fucale without a rebound.
18:26 of 3rd period - Joe Veleno wins face-off versus Joe Snively in Phantoms zone.
18:47 of 3rd period - Wrist shot by A.J. Greer.
18:47 of 3rd period - Stopped by Kaapo Kahkonen without a rebound.
18:48 of 3rd period - Cristoval Nieves wins face-off versus Connor Bunnaman in Crunch zone.
18:49 of 3rd period - Wrist shot by A.J. Greer.
18:49 of 3rd period - Stopped by Kaapo Kahkonen without a rebound.
18:50 of 3rd period - Cristoval Nieves wins face-off versus Connor Bunnaman in Crunch zone.
18:50 of 3rd period - Minor Penalty to Ty Smith for Slashing.
18:51 of 3rd period - Axel Holmstrom wins face-off versus Morgan Klimchuk in Phantoms zone.
19:26 of 3rd period - Snap shot by Connor Bunnaman.
19:26 of 3rd period - Deflect By Maxime Comtois.
19:26 of 3rd period - Stopped by Zachary Fucale without a rebound.
19:27 of 3rd period - Joe Snively wins face-off versus Connor Bunnaman in Phantoms zone.
19:34 of 3rd period - Wrist shot by Gustav Lindstrom.
19:34 of 3rd period - Stopped by Zachary Fucale with a rebound.
19:36 of 3rd period - Slapshot by Sean Walker.
19:36 of 3rd period - Stopped by Zachary Fucale without a rebound.
19:37 of 3rd period - Axel Holmstrom wins face-off versus Morgan Klimchuk in Phantoms zone.
Goals for this period are 0 for Phantoms vs 2 for Crunch.
Shots for this period are 10 for Phantoms vs 21 for Crunch.